 Dungeon Crawl Stone Soup version 0.27.1-1-g398f81649c (webtiles) character file.

Game seed: 9330813578098649069

790 loralnil the Insei (level 7, 0/33 HPs)
             Began as a Vine Stalker Transmuter on Sept 15, 2021.
             Was an Initiate of Makhleb.
             Succumbed to a gnoll sergeant's poison
             ... on level 6 of the Dungeon.
             The game lasted 00:08:20 (4446 turns).

loralnil the Insei (Vine Stalker Transmuter)        Turns: 4446, Time: 00:08:20

Health: 0/33       AC:  7    Str: 13    XL:     7   Next: 87%
Magic:  2/14       EV: 12    Int: 13    God:    Makhleb [......]
Gold:   96         SH:  0    Dex: 16    Spells: 5/14 levels left

rFire    . . .     SeeInvis .     - Unarmed
rCold    . . .     Faith    .   (no shield)
rNeg     . . .     Spirit   +   a - +0 robe
rPois    .         Reflect  .   (helmet currently unavailable)
rElec    .         Harm     .   (no cloak)
rCorr    .         Rampage  .   d - +0 pair of gloves
Will     .....                  (boots currently unavailable)
Stlth    +.........             (no amulet)
HPRegen  1.11/turn              g - +4 ring of slaying
MPRegen  0.14/turn              f - +4 ring of protection

@: lethally poisoned (0 -> -13), appendages (expiring)
A: horns 2, talons 2, fangs 2, regeneration 1, magic shield, antimagic bite, no
potion heal 2
a: End Transformation, Renounce Religion


You were on level 6 of the Dungeon.
You worshipped Makhleb.
Makhleb was noncommittal.
You had temporarily grown beastly horns and talons.
You visited 2 branches of the dungeon, and saw 7 of its levels.

You collected 274 gold pieces.
You spent 178 gold pieces at shops.

Inventory:

Missiles
 s - a throwing net
Armour
 a - a +0 robe (worn)
 d - a +0 pair of gloves (worn)
 n - a +0 hat (melded)
 t - a +0 kite shield
 v - a +0 pair of boots (melded)
Jewellery
 b - a +6 ring of intelligence
 f - a +4 ring of protection (right hand)
 g - a +4 ring of slaying (left hand)
 l - a ring of see invisible
Wands
 u - a wand of paralysis (4)
Scrolls
 j - 2 scrolls of teleportation {unknown}
 o - 2 scrolls of amnesia {unknown}
 p - a scroll of enchant armour {unknown}
 r - a scroll of fog
Potions
 c - 3 potions of curing
 e - a potion of ambrosia
 h - a potion of lignification
 i - 2 potions of haste
 k - 2 potions of magic
 m - 3 potions of flight
 q - a potion of cancellation


   Skills:
 - Level 1.0 Fighting
 - Level 2.0 Dodging
 * Level 6.4 Unarmed Combat
 - Level 4.0 Spellcasting
 + Level 4.2 Transmutations
 - Level 2.0 Air Magic
 - Level 2.0 Poison Magic


You had 5 spell levels left.
You knew the following spells:

 Your Spells              Type           Power      Damage    Failure   Level
a - Beastly Appendage     Tmut           26%        N/A       3%          1
b - Wereblood             Tmut           13%        N/A       5%          2
c - Spider Form           Tmut/Pois      5%         N/A       17%         3
d - Swiftness             Air            7%         N/A       26%         3

Your spell library contained the following spells:

 Spells                   Type           Power      Damage    Failure   Level
 Passwall                 Tmut/Erth      6%         N/A       13%         2
 Magic Dart               Conj           8%         1d3       21%         1
 Searing Ray              Conj           4%         3d3       30%         2
 Sublimation of Blood     Necr           1%         N/A       30%         2
 Dazzling Flash           Conj/Hex       4%         N/A       52%         3
 Ice Form                 Ice/Tmut       8%         N/A       65%         4
 Fulminant Prism          Conj/Hex       1%         3d6       90%         4
 Iskenderun's Mystic Bla  Conj/Tloc      2%         2d3       90%         4
 Invisibility             Hex            1%         N/A       100%        6
 Starburst                Conj/Fire      1%         6d3       100%        6
 Summon Hydra             Summ           1%         N/A       100%        7


Dungeon Overview and Level Annotations

Branches:
Dungeon (6/15)             Temple (1/1) D:6

Altars:
Ashenzari
Cheibriados
Fedhas
Gozag
Hepliaklqana
Kikubaaqudgha
Makhleb
Nemelex Xobeh
Okawaru
Qazlal
Ru
Sif Muna
Trog
Uskayaw
Vehumet
Xom
The Shining One

Shops:
D:2 *   D:4 **??!


Innate Abilities, Weirdness & Mutations

You have temporarily grown beastly horns and talons.
You have extremely sharp teeth.
Your natural rate of healing is unusually fast.
When hurt, damage is shared between your health and your magic reserves.
Your bite disrupts and absorbs the magic of your enemies.
Potions cannot restore your health.


Message History

A gnoll comes into view.
It is wielding a +2 flail of protection.
The gnoll closely misses you.
The gnoll hits you from afar with a +0 halberd.
A gnoll sergeant comes into view. It is wielding a +2 spear of venom.
The gnoll moves out of view.
You hit the gnoll. Your kick misses the gnoll. Your bite misses the gnoll.
The gnoll is heavily wounded.
The gnoll barely misses you. x2; The gnoll completely misses you.
A gnoll comes into view. It is wielding a +0 halberd.
The gnoll shouts!
You punch the gnoll!
You kill the gnoll!
Makhleb accepts your kill. The gnoll completely misses you.
The gnoll barely misses you.
You hit the gnoll but do no damage. You claw the gnoll. You bite the gnoll.
You drain its power.
You feel invigorated.
The gnoll is severely wounded.
Your transformation is almost over.
The gnoll closely misses you. The gnoll hits you with a +0 whip.
You barely miss the gnoll. Your kick misses the gnoll.
You headbutt the gnoll, but do no damage.
Your bite misses the gnoll.
The gnoll is severely wounded.
The gnoll hits you from afar with a +0 halberd!
You hit the gnoll but do no damage. You bite the gnoll, but do no damage.
The gnoll misses you. x2
You barely miss the gnoll.
The gnoll hits you from afar with a +0 halberd.
The gnoll hits you with a +2 flail of protection.
The gnoll closely misses you. The gnoll hits you but does no damage.
You hit the gnoll.
You kill the gnoll!
Makhleb accepts your kill.
The gnoll hits you from afar with a +0 halberd!
The gnoll hits you with a +2 flail of protection.
The gnoll closely misses you.
The gnoll sergeant hits you from afar with a +2 spear of venom!
* * * LOW HITPOINT WARNING * * *
You are lethally poisoned!
You die...

#..... #.....# ..
#....###..>..###..
#...†..#.....#....
#.................
#........###......
#.........#..$....
#....###..#..#...)
#....#.......#....
#######....#...@...#
#..
.......<...#..##.g.#
.......)...### #))##
...........#


ggg# ...........# ...$# ...........+ .....# ...........#......#
...........######## .########... You could see a gnoll sergeant and 2 gnolls.

Vanquished Creatures
  A black bear (D:5)
  An ogre (D:6)
  A phantom (D:5)
  A bullfrog (D:5)
  A howler monkey (D:6)
  A centaur zombie (D:5)
  A bullfrog zombie (D:5)
  A hound (D:5)
  A centaur skeleton (D:2)
  An orc priest (D:3)
  Ijyb (D:5)
  A scorpion zombie (D:5)
  A hound skeleton (D:3)
  9 gnolls
  4 adders
  A white imp (D:5)
  3 worms
  3 dart slugs
  8 orcs
  4 bats
  8 endoplasms
  3 giant cockroaches
  9 goblins
  7 hobgoblins
  8 kobolds
  4 quokkas
  4 ball pythons
  2 frilled lizards (D:2)
  5 rats
95 creatures vanquished.

Notes
Turn   | Place    | Note
-------+----------+-------------------------------------------
     0 | D:1      | loralnil the Vine Stalker Transmuter began the quest for
                  | the Orb.
     0 | D:1      | Reached XP level 1. HP: 9/9 MP: 4/4
   211 | D:1      | Reached skill level 1 in Fighting
   217 | D:1      | Reached XP level 2. HP: 11/14 MP: 6/6
   697 | D:1      | Reached XP level 3. HP: 18/18 MP: 5/7
   700 | D:1      | Learned a level 2 spell: Wereblood
   704 | D:1      | Learned a level 3 spell: Spider Form
  1035 | D:2      | Gained mutation: Your natural rate of healing is unusually
                  | fast. [Vine Stalker growth]
  1035 | D:2      | Reached XP level 4. HP: 18/22 MP: 7/9
  1174 | D:2      | Reached skill level 1 in Poison Magic
  1279 | D:2      | Reached skill level 4 in Unarmed Combat
  1341 | D:2      | Found Jiprohol's General Store.
  1346 | D:2      | Bought a scroll of identify for 20 gold pieces
  1346 | D:2      | Bought a scroll of identify for 20 gold pieces
  1586 | D:2      | Found a stormy altar of Qazlal.
  1683 | D:2      | Reached XP level 5. HP: 25/25 MP: 8/10
  1994 | D:3      | Found a hazy altar of Hepliaklqana.
  2354 | D:3      | Found a blossoming altar of Fedhas.
  2677 | D:3      | Found a faded altar of an unknown god.
  3155 | D:4      | Found Efoy's Distillery.
  3329 | D:4      | Found Nenagung's Assorted Antiques.
  3330 | D:4      | Found Maqil's General Store.
  3334 | D:4      | Bought a scroll of identify for 54 gold pieces
  3353 | D:4      | Found Umytivvek's Magic Scroll Shop.
  3359 | D:4      | Bought a scroll of identify for 28 gold pieces
  3359 | D:4      | Bought a scroll of identify for 28 gold pieces
  3359 | D:4      | Bought a scroll of fog for 28 gold pieces
  3472 | D:4      | Found Fiuf's Magic Scroll Shop.
  3563 | D:5      | Entered Level 5 of the Dungeon
  3587 | D:5      | Reached XP level 6. HP: 30/30 MP: 7/12
  3613 | D:5      | Found a broken altar of Ashenzari.
  3645 | D:5      | Learned a level 3 spell: Swiftness
  3661 | D:5      | Reached skill level 5 in Unarmed Combat
  3781 | D:5      | Reached skill level 1 in Air Magic
  3781 | D:5      | Reached XP level 7. HP: 33/33 MP: 11/13
  3944 | D:5      | Noticed Ijyb
  3951 | D:5      | Paralysed by Ijyb for 2 turns
  3955 | D:5      | Killed Ijyb
  4290 | D:6      | Found a staircase to the Ecumenical Temple.
  4307 | Temple   | Entered the Ecumenical Temple
  4360 | Temple   | Became a worshipper of Makhleb the Destroyer
  4408 | D:6      | Reached skill level 6 in Unarmed Combat
  4446 | D:6      | Succumbed to a gnoll sergeant's poison

Illustrated notes

Levels and vault maps discovered:
D:1:      dpeg_arrival_circle_labyrinth_c, layout_basic, serial_glass,
          glass_columns_a, glass_columns_b
D:2:      kennysheep_the_goblin_king, layout_basic, basic_altar, serial_shops,
          shop
D:3:      layout_basic, nzn_hepliaklqana_mist_gate, lemuel_doored_altar,
          shapermc_ecumenical_altar_mp_highgroup, minmay_vboxes
D:4:      layout_loops_corners, serial_shops, kennysheep_mini, shop_statue,
          shop, shop, shop
D:5:      layout_rooms, ashenzari_altar_1, minmay_large_rounded_square,
          uniq_ijyb
D:6:      layout_gridville, elyvilon_altar_3, minmay_temple_entry_tees
Temple:   zaba_magenta_temple

Skill      XL: |  1  2  3  4  5  6  7 |
---------------+----------------------+-----
Fighting       | 1 |  1.0
Dodging        | 2 |  2.0
Poison Magic   | 1 2 |  2.0
Unarmed Combat | 4 5 6 |  6.4
Spellcasting   | 3 4 |  4.0
Transmutations | 3 4 |  4.2
Air Magic      | 1 2 |  2.0

Action                   |  1- 3 |  4- 6 |  7- 9 || total
-------------------------+-------+-------+-------++-------
Melee: Unarmed           |    42 |   115 |    35 ||   192
       Bite              |    12 |    16 |     5 ||    33
       Headbutt          |     3 |    12 |     2 ||    17
       Kick              |     7 |    18 |     6 ||    31
       Punch             |       |     2 |       ||     2
 Cast: Beastly Appendage |    12 |    28 |     6 ||    46
       Spider Form       |       |     2 |     4 ||     6
  Use: Scroll            |     1 |     7 |     1 ||     9
 Stab: Sleeping          |     2 |     4 |       ||     6
Armor: Robe              |    17 |    25 |     7 ||    49
       Skin              |       |     1 |     1 ||     2
Dodge: Dodged            |    19 |    70 |    30 ||   119
